 Dungeon Crawl Stone Soup version 0.32-a0-422-g28b100f618 (webtiles) character file.

Game seed: 17619232570638618821

167 Persephone the Chopper (level 5, -4/45 HPs)
             Began as a Minotaur Chaos Knight on Feb 21, 2024.
             Was a Plaything of Xom.
             Slain by an iron imp (9 damage)
             ... summoned by Xom
             ... on level 2 of the Dungeon.
             The game lasted 00:02:36 (1597 turns).

Persephone the Chopper (Minotaur Chaos Knight)      Turns: 1597, Time: 00:02:37

Health: -4/45      AC:  6    Str: 18      XL:     5   Next: 23%
Magic:  4/4        EV: 11    Int: 13      God:    Xom [.*....]
Gold:   117        SH:  0    Dex: 11 (14) Spells: 4/4 levels left

rFire   . . .        a - +0 hand axe (chaos)
rCold   . . .        (no shield)
rNeg    . . .        b - +2 leather armour
rPois   .            (helmet restricted)
rElec   .            n - +0 cloak
rCorr   .            (no gloves)
SInv    .            (no boots)
Will    .....        (no amulet)
Stlth   +            e - +6 ring of dexterity
HPRegen 0.27/turn    (no ring)
MPRegen 0.09/turn

%: clarity
@: no status effects
A: horns 2, retaliatory headbutt, clarity, clever 1, MP-powered wands
a: Renounce Religion


You were on level 2 of the Dungeon.
You worshipped Xom.
You were a plaything of Xom.
You visited 1 branch of the dungeon, and saw 3 of its levels.

You collected 117 gold pieces.

Inventory:

Hand Weapons
 a - a +0 hand axe of chaos (weapon)
Armour
 b - a +2 leather armour (worn)
 n - a +0 cloak (worn)
Jewellery
 e - a +6 ring of dexterity (left hand)
Scrolls
 c - a scroll of butterflies
 g - a scroll of amnesia
 j - a scroll of immolation
 l - a scroll of teleportation
Potions
 f - 2 potions of curing {unknown}
 i - 2 potions of invisibility {unknown}
 k - a potion of ambrosia {unknown}
 m - a potion of enlightenment {unknown}


   Skills:
 - Level 3.6 Fighting
 + Level 7.2 Axes
 - Level 2.4 Armour
 - Level 1.1 Dodging


You had 4 spell levels left.
You didn't know any spells.
Your spell library was empty.

Dungeon Overview and Level Annotations

Branches:
Dungeon (3/15)

Altars:


Innate Abilities, Weirdness & Mutations

You have a pair of horns on your head.
You reflexively headbutt those who attack you in melee.
You possess an exceptional clarity of mind.
Your mind is acute. (Int +4, Str/Dex -1)
You expend magic power (3 MP) to strengthen your wands.


Message History

The quasit misses you. The quasit barely misses you. You furiously retaliate!
You headbutt the quasit!
The quasit claws you but does no damage. x2
You slash the quasit! You freeze the quasit.
The quasit is severely wounded.
You hit the quasit but do no damage. You barely miss the iron imp.
The quasit bites you but does no damage.
The quasit claws you but does no damage.
The quasit closely misses you. The quasit misses you.
The quasit claws you but does no damage.
The quasit closely misses you. The iron imp closely misses you.
The quasit completely misses you. The quasit claws you.
* * * LOW HITPOINT WARNING * * *
You feel clumsy. The quasit barely misses you.
The quasit bites you but does no damage.
The quasit claws you but does no damage.
The quasit closely misses you.
You miss the quasit.
The quasit is severely wounded.
You miss the quasit. You hit the iron imp but do no damage.
The quasit barely misses you. You furiously retaliate!
You headbutt the quasit!
You kill the quasit!
The quasit disappears in a puff of smoke!
The quasit bites you but does no damage.
The quasit completely misses you. The quasit closely misses you.
You hit the iron imp but do no damage. You barely miss the quasit.
The iron imp hits you but does no damage.
The quasit barely misses you.
The quasit claws you but does no damage.
The quasit claws you.
* * * LOW HITPOINT WARNING * * *
You hit the iron imp but do no damage. You headbutt the iron imp.
The iron imp is lightly wounded.
You barely miss the quasit.
The quasit bites you but does no damage.
The quasit closely misses you.
The quasit claws you but does no damage.
The iron imp hits you!
You die...

######.# #.#...####..#########
######.# #...#.# #..########
######b######.#.# #.........###
...†bbb.bb.##...# ##..........##
..bb.b..##.####.# #............
....b.b.##......#####..........#.
###############................#.
##5#####.........#.
#@5...'...........
##§..##.........##
#...############ #####


You could see an iron imp (summoned) and a quasit (summoned).

Vanquished Creatures
  Crazy Yiuf (D:2)
  An orc wizard (D:3)
  An adder (D:2)
  3 gnolls (D:3)
  A dart slug (D:1)
  2 ribbon worms (D:2)
  3 orcs (D:3)
  2 endoplasms
  3 giant cockroaches
  4 goblins
  2 hobgoblins
  2 jackals (D:1)
  4 kobolds
  3 quokkas (D:2)
  A ball python (D:3)
  A bat (D:2)
  A frilled lizard (D:1)
  5 rats
40 creatures vanquished.

Notes
Turn   | Place    | Note
-------+----------+-------------------------------------------
     0 | D:1      | Persephone the Minotaur Chaos Knight began the quest for
                  | the Orb.
     0 | D:1      | Reached XP level 1. HP: 19/19 MP: 0/0
   167 | D:1      | Reached skill level 4 in Axes
   193 | D:1      | Reached XP level 2. HP: 25/26 MP: 1/1
   417 | D:1      | XOM: noise
   424 | D:1      | Reached skill level 5 in Axes
   613 | D:1      | XOM: silly message
   757 | D:2      | XOM: give mutations
   757 | D:2      | Gained mutation: Your mind is acute. (Int +4, Str/Dex -1)
                  | [Xom's grace]
   757 | D:2      | Gained mutation: You expend magic power (3 MP) to
                  | strengthen your wands. [Xom's grace]
   757 | D:2      | Gained mutation: You possess an exceptional clarity of
                  | mind. [Xom's grace]
   781 | D:2      | XOM: scenery: summon butterflies
   784 | D:2      | Reached XP level 3. HP: 29/31 MP: 2/2
  1221 | D:2      | XOM: god gift: scroll labelled VUQAFY PARUS {god gift}
  1281 | D:2      | Found a runed translucent door.
  1282 | D:2      | Noticed Crazy Yiuf
  1287 | D:2      | Killed Crazy Yiuf
  1288 | D:2      | Reached skill level 6 in Axes
  1288 | D:2      | Reached XP level 4. HP: 17/39 MP: 3/3
  1498 | D:3      | XOM: smoke on damage
  1560 | D:3      | XOM: fog
  1577 | D:3      | Reached skill level 7 in Axes
  1577 | D:3      | Reached XP level 5. HP: 12/45 MP: 4/4
  1590 | D:2      | XOM: summons 3 hostile demons
  1597 | D:2      | Slain by an iron imp

Illustrated notes

Levels and vault maps discovered:
D:1:      tarquinn_simple_flora_water_a, layout_basic, serial_forest,
          infiniplex_forest_clump_double, infiniplex_forest_clump_long,
          infiniplex_forest_straight_4, infiniplex_forest_straight_2,
          infiniplex_forest_lined_room_2, minmay_crystal_room,
          corexii_hall_statues_x
D:2:      layout_basic, uniq_crazy_yiuf_cottage
D:3:      layout_loops_ring, nicolae_wu_jian_glorious_leap,
          nicolae_concentric_dashed_squares_mild, nicolae_wormholes

Skill      XL: |  1  2  3  4 |
---------------+-------------+-----
Axes           | 4 5 6 7 |  7.2
Fighting       | |  3.6
Armour         | |  2.4
Dodging        | |  1.1

Action                     |  1- 3 |  4- 6 || total
---------------------------+-------+-------++-------
  Melee: Hand axe          |    60 |    27 ||    87
         Headbutt          |    11 |     5 ||    16
    Use: Scroll            |       |     4 ||     4
 Armour: Leather armour    |    29 |    35 ||    64
  Dodge: Dodged            |    19 |    31 ||    50

Table legend: (Time is in decaauts)
 A = Elapsed time spent in this place.
 B = Non-inter-level travel time spent in this place.
 C = Inter-level travel time spent in this place.
 D = Time resting spent in this place.
 E = Time spent auto-exploring this place.
 F = Levels seen in this place.
 G = Mean time per level.
                   A        B        C        D        E       F      G
               +--------+--------+--------+--------+--------+-----+--------+
         Total |   1597 |   1568 |     29 |      0 |   1318 |   3 |  532.3 |
       Dungeon |   1597 |   1568 |     29 |      0 |   1318 |   3 |  532.3 |
               +--------+--------+--------+--------+--------+-----+--------+

Top non-repeatable levels by time:
     D:2: 780 daAuts
     D:1: 712 daAuts
     D:3: 104 daAuts
